 Dungeon Crawl Stone Soup version 0.16-a0-2818-g1ef6e07 (webtiles) character file.

921 Johnny the Grave Robber (level 7, -9/53 HPs)
             Began as a Demigod Necromancer on Nov 28, 2014.
             Splashed by a jelly's acid (12 damage)
             ... on level 7 of the Dungeon.
             The game lasted 00:17:27 (7761 turns).

Johnny the Grave Robber (Demigod Necromancer)       Turns: 7761, Time: 00:17:28

Health: -9/53      AC:  2    Str: 11    XL:     7   Next: 54%
Magic:  4/28       EV: 14    Int: 21    God:
Gold:   297        SH:  0    Dex: 21    Spells: 4 memorised, 2 levels left

rFire  . . .     SeeInvis .     u - +1 flail (protect)
rCold  . . .     Clarity  .     n - +0 leather armour
rNeg   . . .     SustAb   +     (no shield)
rPois  .         Gourm    .     x - +2 helmet
rElec  .         Spirit   .     (no cloak)
rCorr  .         Warding  .     i - +0 pair of gloves
rMut   .         Stasis   .     (no boots)
MR     .....                    (no amulet)
Stlth  +++.......               y - ring of magical power
                                m - +3 ring of dexterity

@: corroded equipment, not resistant to hostile enchantments, fairly stealthy
A: sustain abilities
a: no special abilities


You were on level 7 of the Dungeon.
You were near starving.

You visited 1 branch of the dungeon, and saw 7 of its levels.

You collected 297 gold pieces.

Inventory:

Hand weapons
 f - a +1 flail of protection
 s - a +0 spear
 u - a +1 flail of protection (weapon)
Missiles
 d - 11 poisoned bolts
 l - 8 bolts of flame
 w - 17 bolts
Armour
 i - a +0 pair of gloves (worn)
 n - a +0 leather armour (worn)
 x - a +2 helmet (worn)
Jewellery
 m - a +3 ring of dexterity (left hand)
 y - a ring of magical power (right hand)
Scrolls
 e - 2 scrolls of enchant armour
 g - a scroll of blinking
 h - a scroll of summoning {unknown}
 k - 2 scrolls of enchant weapon
 p - a scroll of fear {unknown}
 t - 4 scrolls of fog {unknown}
Potions
 j - a potion of haste
 v - 2 potions of brilliance
Books
 b - a book of Necromancy

   Spells                             Type                      Level
   *Pain                              Necromancy                   1
   Animate Skeleton                   Necromancy                   1
   *Vampiric Draining                 Necromancy                   3
   *Regeneration                      Charms/Necromancy            3
   *Animate Dead                      Necromancy                   4
   Control Undead                     Necromancy                   4
Comestibles
 a - 6 fruits
 c - 5 bread rations
 o - 2 beef jerkies
 q - 3 meat rations


   Skills:
 + Level 1.7 Fighting
 + Level 1.5 Polearms
 + Level 2.1 Armour
 * Level 3.9 Dodging
 + Level 3.3 Stealth
 * Level 3.6 Spellcasting
 * Level 2.7 Charms
 * Level 4.8 Necromancy


You had 2 spell levels left.
You knew the following spells:

 Your Spells              Type           Power        Failure   Level  Hunger
a - Pain                  Necr           ###.         1%          1    None
b - Regeneration          Chrm/Necr      ###.......   10%         3    ###....
c - Vampiric Draining     Necr           ###.......   6%          3    ###....
d - Animate Dead          Necr           N/A          21%         4    ####...


Dungeon Overview and Level Annotations

Branches:
Dungeon (7/15)
 Temple: D:4-7

Shops:
D:5 }


Innate Abilities, Weirdness & Mutations

Your attributes are resistant to harm.


Message History

There isn't anything here!
Unknown command.
You bump into the rock wall.
The puff of flame misses you. The jelly hits you but does no damage.
The jelly barely misses you. The jelly closely misses you.
The jelly barely misses you. The jelly misses you. The jelly hits you.
* * * LOW HITPOINT WARNING * * *
You are splashed with acid!
The acid corrodes your equipment!
The acid burns!
* * * LOW HITPOINT WARNING * * *
You bump into the rock wall.
The jelly hits you but does no damage. The jelly barely misses you.
Something hits you but does no damage.
You're too confused!
You hit the jelly.
The jelly is lightly wounded.
You feel less confused. The jelly completely misses you. The jelly hits you.
* * * LOW HITPOINT WARNING * * *
You are splashed with acid!
The acid corrodes your equipment!
The acid burns!
You die...

#. #. . #. . #.
.# #.####.##
#....... #
###....#####.#
+..............
###.J@....##.
##J.#...#
#.##...##.#
#.........#
#†<.......#
#####.##### .#
.# .#


You could see 2 jellies.

Vanquished Creatures
  Blork the orc (D:4)
  A scorpion (D:5)
  A jelly (D:7)
  A crimson imp (D:5)
  2 giant frog skeletons (D:5)
  3 orc priests
  A hound (D:2)
  2 orc wizards
  2 centaur skeletons
  3 worker ants (D:4)
  A hound skeleton (D:4)
  Terence (D:3)
  8 adders
  3 gnolls (D:5)
  A shadow imp (D:4)
  A giant mite (D:5)
  4 worms
  An adder zombie (D:6)
  3 giant geckos
  An ooze (D:2)
  19 orcs
  A bat skeleton (D:4)
  4 giant cockroaches
  14 hobgoblins
  6 kobolds
  4 quokkas
  2 ball pythons
  14 bats
  2 giant newts
  13 goblins
  A quokka skeleton (D:4)
  7 rats
128 creatures vanquished.

Vanquished Creatures (collateral kills)
  An ogre (D:4)
1 creature vanquished.

Vanquished Creatures (others)
  A giant newt zombie (D:4)
  A hobgoblin zombie (D:4)
  A rat zombie (D:4)
3 creatures vanquished.

Grand Total: 132 creatures vanquished

Notes
Turn   | Place    | Note
--------------------------------------------------------------
     0 | D:1      | Johnny, the Demigod Necromancer, began the quest for the Orb.
     0 | D:1      | Reached XP level 1. HP: 14/14 MP: 3/3
   439 | D:2      | Reached XP level 2. HP: 2/20 MP: 0/4
  1076 | D:2      | Reached XP level 3. HP: 3/26 MP: 0/8
  1320 | D:2      | Reached skill level 1 in Armour
  1320 | D:2      | Reached skill level 4 in Necromancy
  2144 | D:2      | Reached XP level 4. HP: 21/33 MP: 3/10
  2183 | D:2      | Learned a level 3 spell: Regeneration
  2187 | D:2      | Learned a level 3 spell: Vampiric Draining
  2498 | D:2      | Found a bloodstained altar of Trog.
  3282 | D:3      | HP: 1/34 [hobgoblin/club (1)]
  3500 | D:3      | Noticed Terence
  3507 | D:3      | Killed Terence
  3736 | D:3      | Reached XP level 5. HP: 13/39 MP: 0/12
  4193 | D:3      | Reached skill level 1 in Fighting
  4897 | D:4      | Found a shadowy altar of Dithmenos.
  4923 | D:4      | Reached skill level 1 in Charms
  5015 | D:4      | Noticed Blork the orc
  5031 | D:4      | Killed Blork the orc
  5333 | D:4      | Reached XP level 6. HP: 43/47 MP: 4/16
  5670 | D:4      | Learned a level 4 spell: Animate Dead
  5790 | D:4      | Noticed an ogre
  5805 | D:4      | Killed an ogre
  5916 | D:4      | Noticed a phantom
  6227 | D:5      | Entered Level 5 of the Dungeon
  6233 | D:5      | Reached skill level 1 in Polearms
  6477 | D:5      | Reached XP level 7. HP: 16/52 MP: 7/19
  6818 | D:5      | Found Clazeadgh's Gadget Shoppe.
  6885 | D:5      | Found a blossoming altar of Fedhas.
  7761 | D:7      | Splashed by a jelly's acid

Action                   |  1- 3 |  4- 6 |  7- 9 || total
-------------------------+-------+-------+-------++-------
Melee: Unarmed           |     7 |       |       ||     7
       Club              |    18 |       |       ||    18
       Short sword       |     2 |    14 |       ||    16
       Hand axe          |       |    79 |       ||    79
       Spear             |       |    18 |       ||    18
       Flail             |       |   105 |    84 ||   189
 Cast: Pain              |    62 |    98 |    17 ||   177
       Vampiric Draining |       |    32 |    18 ||    50
       Animate Dead      |       |     3 |       ||     3
       Regeneration      |       |       |     1 ||     1
  Use: Potion            |     4 |       |       ||     4
       Scroll            |       |     4 |     2 ||     6
 Stab: Sleeping          |       |     7 |     2 ||     9
  Eat: Chunk             |     4 |    16 |     5 ||    25
       Royal jelly       |       |     1 |       ||     1
